 Dungeon Crawl Stone Soup version 0.18-a0-1229-ge9a1a01 (webtiles) character file.

536956 ITSHOTMAN the Wrestler (level 26, -4/297 HPs)
             Began as a Hill Orc Transmuter on Jan 25, 2016.
             Was the Champion of Cheibriados.
             Slain by a fire dragon simulacrum (17 damage)
             ... on level 3 of the Abyss on Feb 3, 2016.
             The game lasted 06:58:42 (70471 turns).

ITSHOTMAN the Wrestler (Hill Orc Transmuter)       Turns: 70471, Time: 06:58:42

Health: -4/297     AC: 31    Str: 33    XL:     26   Next: 41%
Magic:  35/41      EV: 38    Int: 32    God:    Cheibriados [******]
Gold:   5956       SH:  0    Dex: 29    Spells: 9 memorised, 24 levels left

rFire  . . .     SeeInvis +       - Unarmed
rCold  . . .     Gourm    .     (armour currently unavailable)
rNeg   + + +     Faith    .     (no shield)
rPois  ∞         Spirit   .     Y - +2 helmet
rElec  +         Dismiss  .     a - +2 cloak of the Thief {+Fog Slay-2 SInv Stlth+}
rCorr  +         Reflect  .     (gloves currently unavailable)
SustAt .         Harm     .     (boots currently unavailable)
MR     ++...                    U - amulet of the Air {Inacc +Fly rElec EV+5 RMsl}
Stlth  ++........               B - ring of Atuegyol {rCorr Fragile +Inv rN+++ Stlth-}
                                q - ring of protection from magic {MR+, !d}

@: statue-form, repel missiles, very slow, very resistant to hostile
enchantments, unstealthy
A: deformed body
a: End Transformation, Bend Time, Temporal Distortion, Slouch, Step From Time,
Renounce Religion, Evoke Fog, Evoke Invisibility, Evoke Flight
}: 2/15 runes: serpentine, slimy


You were on level 3 of the Abyss.
You worshipped Cheibriados.
Cheibriados was exalted by your worship.
You were not hungry.
You were a stone statue.
You visited 10 branches of the dungeon, and saw 52 of its levels.
You visited the Abyss 1 time.
You also visited: Labyrinth, Ice Cave and Volcano.

You collected 7266 gold pieces.
You spent 1310 gold pieces at shops.

Inventory:

Hand Weapons
 P - the +7 Sceptre of Torment
   (You found it on level 3 of the Crypt)
Armour
 a - the +2 cloak of the Thief (worn) {+Fog Slay-2 SInv Stlth+}
   (You found it on level 11 of the Dungeon)

   It affects your accuracy and damage with ranged weapons and melee attacks
   (-2).
   It lets you see invisible.
   It can be evoked to emit clouds of fog.
   It makes you more stealthy.
 b - the +1 pair of gloves of Xom's Displeasure (melded) {+Inv rC+ Regen+ Int+3}
   (You acquired it on level 3 of the Shoals)

   It affects your intelligence (+3).
   It protects you from cold.
   It lets you turn invisible.
   It increases your rate of regeneration.
 g - the +2 leather armour "Vory" {rElec rF+++ MR- Dex-2}
   (You found it on level 3 of the Shoals)

   It affects your dexterity (-2).
   It renders you almost immune to fire.
   It insulates you from electricity.
   It affects your resistance to hostile enchantments.
 F - the +8 scale mail of the Bull (melded) {rF+}
   (You found it on level 12 of the Dungeon)

   It protects you from fire.
 G - a +2 pair of boots (melded)
   (You found it on level 2 of the Vaults)
 Y - a +2 helmet (worn)
   (You found it on level 5 of the Lair of Beasts)
Jewellery
 q - a ring of protection from magic (left hand) {MR+, !d}
   (You found it on level 2 of the Dungeon)
 v - the ring "Myrchiki" {rElec rF+ rN+ Int+3 SInv}
   (You found it on level 3 of the Crypt)

   [ring of positive energy]

   It affects your intelligence (+3).
   It protects you from fire.
   It insulates you from electricity.
   It protects you from negative energy.
   It lets you see invisible.
 B - the ring of Atuegyol (right hand) {rCorr Fragile +Inv rN+++ Stlth-}
   (You found it on level 14 of the Dungeon)

   [ring of resist corrosion]

   It renders you almost immune to negative energy.
   It lets you turn invisible.
   It will be destroyed if unequipped.
   It makes you less stealthy.
 D - the ring "Gomygh" {rPois rC++ rN+ MP+9 Slay-3}
   (You found it on level 3 of the Crypt)

   [ring of positive energy]

   It affects your accuracy and damage with ranged weapons and melee attacks
   (-3).
   It greatly protects you from cold.
   It protects you from poison.
   It protects you from negative energy.
   It affects your magic capacity (+9).
 E - the macabre finger necklace {rN+}
   (You found it on level 2 of the Shoals)

   [amulet of nothing]

   It protects you from negative energy.
 K - an uncursed ring of see invisible {sInv, !d}
   (You found it on level 2 of the Depths)
 O - an uncursed ring of protection from fire {rF+, !d}
   (You found it on level 2 of the Snake Pit)
 U - the amulet of the Air (around neck) {Inacc +Fly rElec EV+5 RMsl}
   (You found it on level 6 of the Pits of Slime)

   [amulet of inaccuracy]

   It reduces the accuracy of all your attacks.
   It affects your evasion (+5).
   It insulates you from electricity.
   It lets you fly.
   It protects you from missiles.
 W - an uncursed ring of protection from cold {rC+, !d}
   (You took it off a deep elf mage on level 12 of the Dungeon)
 Z - the ring of Amelioration {rElec rPois rN+ Dex+2}
   (You found it on level 3 of the Crypt)

   [ring of positive energy]

   It affects your dexterity (+2).
   It insulates you from electricity.
   It protects you from poison.
   It protects you from negative energy.
Wands
 f - a wand of teleportation (4/9)
   (You found it on level 3 of the Lair of Beasts)
 Q - a wand of teleportation (3/9)
   (You found it in a labyrinth)
 V - a wand of iceblast (8/15)
   (You took it off a wight on level 3 of the Crypt)
Scrolls
 c - 5 scrolls of blinking {!r}
 h - 2 scrolls of amnesia
 j - 12 scrolls of identify {@r1}
 o - 7 scrolls of magic mapping {!r}
 s - 12 scrolls of recharging {@r4}
 t - 2 scrolls of fog
 y - 9 scrolls of teleportation {@r3}
 A - 22 scrolls of remove curse {@r2}
 H - 2 scrolls of silence {!r}
 I - 7 scrolls of fear
 S - 2 scrolls of holy word {!r}
 X - 2 scrolls of summoning
Potions
 e - 3 potions of might
 i - 3 potions of invisibility
 k - 16 potions of curing
 l - 4 potions of resistance
 m - 10 potions of flight
 p - a potion of heal wounds
 r - 4 potions of magic
 w - 11 potions of cancellation
 C - 5 potions of brilliance
 J - 2 potions of cure mutation {!q}
 M - 6 potions of agility
Books
 u - a book of Flames
   (You found it on level 4 of the Shoals)
 x - a book of Burglary
   (You found it on level 3 of the Shoals)
Miscellaneous
 N - a fan of gales
   (You found it in a labyrinth)
 T - a disc of storms
   (You found it on level 6 of the Pits of Slime)
Comestibles
 d - 30 bread rations
 n - 21 beef jerkies
 z - 12 meat rations
 R - 21 fruits


   Skills:
 - Level 17.6 Fighting
 - Level 7.0 Armour
 - Level 17.0 Dodging
 - Level 21.9 Unarmed Combat
 - Level 14.5 Spellcasting
 - Level 6.9 Translocations
 - Level 13.2 Transmutations
 - Level 2.1 Ice Magic
 - Level 14.0 Earth Magic
 - Level 11.8 Invocations
 + Level 10.7 Evocations


You had 24 spell levels left.
You knew the following spells:

 Your Spells              Type           Power        Failure   Level  Hunger
a - Beastly Appendage     Trmt           ######       0%          1    None
b - Ice Form              Ice/Trmt       ######..     1%          4    None
c - Blink                 Tloc           N/A          1%          2    None
d - Repel Missiles        Chrm/Air       ###...       2%          2    None
e - Statue Form           Trmt/Erth      #######..    1%          6    ###....
f - Hydra Form            Trmt           #######...   1%          6    ###....
h - Blade Hands           Trmt           #######...   1%          5    None
n - Stoneskin             Trmt/Erth      #######.     0%          2    None
t - Sticks to Snakes      Trmt           #######.     0%          2    None


Dungeon Overview and Level Annotations

Branches:
Dungeon (15/15)            Temple (1/1) D:7            Lair (8/8) D:9
 Shoals (4/4) Lair:5        Snake (4/4) Lair:3        Slime (6/6) Lair:8
    Orc (2/2) D:12            Elf (0/3) Orc:2        Vaults (4/5) D:14
  Crypt (3/3) Vaults:3       Tomb (0/3) Crypt:3      Depths (5/5) D:15
    Zot: Depths:5

Altars:
Ashenzari
Cheibriados
Dithmenos
Elyvilon
Fedhas
Gozag
Kikubaaqudgha
Makhleb
Nemelex Xobeh
Okawaru
Pakellas
Qazlal
Ru
Sif Muna
Trog
Vehumet
Xom
Yredelemnul
Zin
The Shining One
Beogh
Jiyva

Shops:
D:5 !   D:13 ?   Orc:2 :**([   Shoals:2 }   Shoals:4 *%   Vaults:1 =
Vaults:3 !:=:   Vaults:4 (

Portals:
Hell: Depths:1 Depths:3 Depths:4
Abyss: Depths:4
Pandemonium: Depths:3
Ziggurat: Depths:3

Annotations:
D:4 exclusion: upstairs
Lair:1 exclusion: door
Lair:2 exclusion: hydra
Depths:2 exclusion: 2 orange crystal statues


Innate Abilities, Weirdness & Mutations

Armour fits poorly on your strangely shaped body.


Message History

You bite the chaos spawn!
The chaos spawn is moderately wounded.
The chaos spawn hits you.
You closely miss the chaos spawn.
The chaos spawn is moderately wounded.
You bite the chaos spawn!
The chaos spawn is almost dead.
The chaos spawn completely misses you.
A starcursed mass splits.
You gouge the chaos spawn!!
You kill the chaos spawn!
Cheibriados thoroughly appreciates the change of pace.
The chaos spawn degenerates into a cloud of primal chaos!
A chorus of shrieks assaults your mind.
Really walk into that cloud of seething chaos? [Y]es or [N]o only, please.
Really walk into that cloud of seething chaos?
Okay, then.
A chorus of shrieks assaults your mind. The starcursed mass engulfs you.
A starcursed mass splits.
You bite the starcursed mass!
The starcursed mass is heavily damaged.
You gouge the starcursed mass!!
The starcursed mass is moderately damaged.
The starcursed mass shudders and is absorbed by its neighbour. x2
A smoke demon comes into view.
The starcursed mass misses you.
A starcursed mass splits.
The smoke demon completely misses you. The smoke demon closely misses you.
The smoke demon hits you but does no damage.
You bite the starcursed mass!
The starcursed mass is moderately damaged.
You chomp the smoke demon!!!!
You kill the smoke demon!
Cheibriados appreciates the change of pace.
You feel the corruption within you wane somewhat.
You feel a little less angry.
The starcursed mass shudders and is absorbed by its neighbour.
You bite the starcursed mass!
The starcursed mass is moderately damaged.
A starcursed mass splits.
You chomp the starcursed mass!!!!
You destroy the starcursed mass!
Cheibriados appreciates the change of pace.
A large abomination comes into view.
A starcursed mass splits.
The large abomination moves out of view.
The starcursed mass misses you.
You chomp the starcursed mass!!!
You destroy the starcursed mass!
Cheibriados appreciates the change of pace.
A fire dragon simulacrum comes into view.
The starcursed mass completely misses you.
The starcursed mass shrieks in your mind.
You nip at the starcursed mass but do no damage.
The starcursed mass is moderately damaged.
The starcursed mass shrieks in your mind.
You nip at the starcursed mass.
The starcursed mass is moderately damaged.
You chomp the starcursed mass!!!
You destroy the starcursed mass!
Cheibriados appreciates the change of pace.
The large abomination hits you!!
The large abomination completely misses you.
You gouge the large abomination!!
The large abomination is moderately damaged.
You barely miss the large abomination.
The large abomination is moderately damaged.
The large abomination hits you!!
* * * LOW HITPOINT WARNING * * *
You chomp the large abomination!!!
You destroy the large abomination!
Cheibriados appreciates the change of pace.
You feel the corruption within you wane completely.
You feel a little more calm. The fire dragon simulacrum bites you!
* * * LOW HITPOINT WARNING * * *
The fire dragon simulacrum freezes you!
* * * LOW HITPOINT WARNING * * *
The fire dragon simulacrum completely misses you. x3
The fire dragon simulacrum claws you!
* * * LOW HITPOINT WARNING * * *
The fire dragon simulacrum freezes you!!
* * * LOW HITPOINT WARNING * * *
The fire dragon simulacrum misses you.
You gouge the fire dragon simulacrum!!
Casting: Hydra Form
Confirm with . or Enter, or press ? or * to list all spells.
Your transformation has ended.
The +2 cloak of the Thief {+Fog Slay-2 SInv Stlth+} unmelds from your body.
Your +2 helmet unmelds from your body.
The +1 pair of gloves of Xom's Displeasure {+Inv rC+ Regen+ Int+3} unmelds from your body.
Your +2 pair of boots unmelds from your body.
The +8 scale mail of the Bull {rF+} unmelds from your body.
You turn into a living statue of rough stone.
The +1 pair of gloves of Xom's Displeasure {+Inv rC+ Regen+ Int+3} melds into your body.
Your +2 pair of boots melds into your body.
The +8 scale mail of the Bull {rF+} melds into your body.
The fire dragon simulacrum bites you.
* * * LOW HITPOINT WARNING * * *
The fire dragon simulacrum freezes you!
You die...

.. .# .. # ..
#.###.. .# . .#
## ## . # .# #..#
. #.# ##.#.#.##..
# ..(.#
........## . #..
# #......###... #
## #...#.8##..†.
#..#...#Z.....†##
# . #.....#..#..#
## ## .
#.#..#....#.# ..
...
#.#......##.###.
##. #
#..##......## .#
. # ..#..#.... #
# . . ###.. . .
#..# . #. #.


You could see a fire dragon simulacrum.

Vanquished Creatures
  the Royal Jelly (Slime:6)
  2 ancient liches
  Frederick (Depths:4)
  Boris (Depths:4)
  Margery (Vaults:2)
  An iron giant (Depths:4)
  Norris (Vaults:1)
  Jory (Depths:4)
  2 bone dragons
  Jorgrun (Vaults:2)
  6 liches
  A tentacled monstrosity (Depths:4)
  Rupert (Lair:8)
  23 acid blobs
  2 krakens (Shoals:3)
  5 sphinxes
  Frances (D:12)
  10 greater nagas (Snake:4)
  A shadow dragon (Depths:4)
  Ilsuiw (Shoals:3)
  8 ancient champions
  A storm dragon (Depths:3)
  12 azure jellies
  10 fire giants
  7 tengu reavers
  Donald (Slime:6)
  6 frost giants
  A ghost moth (shapeshifter) (Vaults:4)
  11 vault wardens
  3 curse skulls
  12 very ugly things
  4 ghouls
  An orc warlord (Orc:2)
  A reaper (Crypt:3)
  16 ironheart preservers
  15 stone giants
  A war gargoyle (Vaults:1)
  8 vampire knights
  The ghost of edsrzf the Fighter, a journeyman OgAM of Sif Muna (D:12)
  A salamander stormcaller (Vaults:4)
  A deep elf demonologist (Vaults:4)
  4 spark wasps
  The ghost of edsrzf the Slicer, a journeyman KoAM of Nemelex Xobeh (D:12)
  2 merfolk javelineers (Shoals:4)
  Snorg (Lair:6)
  3 eidola
  9 death oozes
  4 merfolk impalers
  5 ettins
  A crystal guardian (Vaults:3)
  A minotaur (Lab)
  2 fire dragons
  A fire dragon (shapeshifter) (Depths:2)
  4 deep elf death magi
  14 jiangshi
  16 great orbs of eyes
  Josephine (Orc:2)
  3 entropy weavers
  11 ogre magi
  A quicksilver dragon zombie (Crypt:1)
  11 yaktaur captains
  A hell beast (Depths:4)
  8 rakshasas
  25 naga warriors
  11 vault guards
  7 ice dragons
  9 hydras
  An anaconda (shapeshifter) (Depths:3)
  2 alligator snapping turtles
  10 anacondas
  3 merfolk avatars
  A catoblepas (D:13)
  19 centaur warriors
  6 merfolk aquamancers
  Erica (D:9)
  2 spriggan air magi
  4 death knights
  2 satyrs
  3 dancing weapons (Depths:2)
  5 deep troll earth magi
  13 deep troll shamans
  A tengu warrior (Depths:2)
  8 vampire magi
  11 naga sharpshooters
  An orc high priest (Orc:2)
  10 shock serpents
  2 spriggan berserkers (Depths:4)
  A shock serpent (shapeshifter) (Depths:3)
  4 deep elf knights
  2 fire crabs (shapeshifter)
  5 soul eaters
  A storm dragon zombie (Depths:1)
  Nergalle (D:10)
  2 iron trolls
  7 shadow wraiths
  2 golden dragon zombies
  3 salamander mystics
  A storm dragon skeleton (Crypt:3)
  3 hell knights (Vaults:2)
  8 spatial maelstroms (Abyss:3)
  A wretched star (Abyss:3)
  42 skeletal warriors
  A giant orange brain (shapeshifter) (Vaults:3)
  2 shadow demons
  2 death drakes (Depths:2)
  28 deep trolls
  4 flayed ghosts
  12 sea snakes
  5 naga ritualists
  4 giant orange brains
  4 unseen horrors
  A quicksilver dragon simulacrum (Crypt:1)
  A spectral hydra (Depths:2)
  4 wizards
  4 deep elf archers
  12 hill giants
  A spectral anaconda (Depths:2)
  A putrid demonspawn (Depths:3)
  6 harpies
  A lindwurm (shapeshifter) (D:14)
  7 phantasmal warriors
  Pikel (D:6)
  22 ironbrand convokers
  An anaconda zombie (Crypt:3)
  11 griffons
  2 lindwurms (Lair:8)
  17 orc knights
  8 necromancers
  14 mana vipers
  An anaconda skeleton (Crypt:3)
  3 human zombies
  14 deep elf magi
  A fire giant zombie (Depths:1)
  13 salamanders
  7 orc sorcerers
  58 ugly things
  4 wolf spiders
  13 shining eyes
  A water nymph (shapeshifter) (Vaults:1)
  9 manticores
  2 hornets (Vaults:4)
  A shadow dragon skeleton (Crypt:3)
  2 water nymphs
  13 cyclopes
  2 sixfirhies
  7 fauns
  10 guardian serpents
  A frost giant skeleton (Crypt:3)
  An elephant (shapeshifter) (D:15)
  6 elephants (Lair:4)
  44 black mambas
  4 centaur zombies
  10 sirens
  2 stone giant skeletons (Crypt:3)
  2 fire giant skeletons (Crypt:3)
  19 vault sentinels
  2 smoke demons (Abyss:3)
  14 spiny frogs
  A gargoyle (D:14)
  27 naga magi
  A shock serpent zombie (Crypt:3)
  4 eyes of devastation
  6 torpor snails
  A storm dragon simulacrum (Vaults:3)
  3 kobold demonologists
  A shock serpent skeleton (Crypt:3)
  2 yaktaur zombies
  18 komodo dragons
  3 dire elephant skeletons (Crypt:3)
  21 yaktaurs
  A black draconian skeleton (Crypt:2)
  An ice devil (Depths:3)
  3 tengu conjurers (Depths:3)
  An ancient zyme (Abyss:3)
  3 spectral merfolk (Depths:2)
  8 fire drakes
  2 red devils
  A golden dragon simulacrum (Depths:4)
  A wind drake (Shoals:4)
  A polar bear (Lair:7)
  A two-headed ogre (shapeshifter) (Depths:3)
  18 two-headed ogres
  2 giant leeches (Lair:8)
  22 merfolk
  Prince Ribbit (D:7)
  7 trolls
  25 blink frogs
  9 freezing wraiths
  A minotaur skeleton (Volcano)
  150 slime creatures
  2 frost giant simulacra (Crypt:1)
  A bog body (Crypt:3)
  2 blink frogs (shapeshifter)
  9 snapping turtles
  10 boulder beetles
  5 raiju
  3 air elementals (Depths:4)
  38 orc warriors
  7 flying skulls
  2 spriggans (shapeshifter)
  3 spriggans (Lair:7)
  17 wraiths
  A ynoxinul (Depths:3)
  4 large abominations (Abyss:3)
  2 centaur simulacra (D:13)
  18 water elementals
  3 tarantellas
  2 wyverns (shapeshifter)
  4 wyverns
  6 vampires
  A wind drake zombie (Crypt:1)
  13 redbacks
  72 yaks
  6 shadows
  A black mamba skeleton (Crypt:3)
  4 basilisks
  4 hungry ghosts
  15 golden eyes
  A small abomination (Abyss:3)
  2 chaos spawn
  A wind drake skeleton (Crypt:2)
  The ghost of Sodium1970 the Covered, an amateur HuFi (D:4)
  A steam dragon (shapeshifter) (Depths:3)
  19 hippogriffs
  2 yaktaur simulacra
  8 vampire mosquitoes
  Menkaure (Volcano)
  A soldier ant (shapeshifter) (Vaults:4)
  2 steam dragons
  A deep troll zombie (Vaults:4)
  4 spatial vortices (Abyss:3)
  A wolf (shapeshifter) (D:15)
  24 wolves
  80 nagas
  The ghost of TerapinKing the Bolt Thrower, an amateur KoHu of Dithmenos (D:3)
  A spiny frog zombie (Crypt:1)
  9 wargs
  4 mottled dragons
  21 water moccasins
  6 hell hounds (Depths:2)
  2 faun skeletons (Crypt:2)
  18 porcupines
  2 spectral trolls (Depths:2)
  2 black bears
  2 spectral spriggans (Depths:2)
  2 spiny frog skeletons
  6 sky beasts
  A black bear (shapeshifter) (D:14)
  4 snapping turtle zombies (Depths:2)
  13 ice beasts
  A sky beast (shapeshifter) (Vaults:2)
  A wasp (shapeshifter) (D:15)
  3 wasps
  10 eyes of draining
  An ice dragon simulacrum (Crypt:1)
  7 phantoms
  2 necrophages
  A fire dragon simulacrum (Crypt:1)
  5 boggarts
  3 human skeletons
  40 ogres
  36 centaurs
  A manticore skeleton (Volcano)
  A hog zombie (Crypt:1)
  3 snapping turtle skeletons (Crypt:3)
  25 crocodiles
  A swamp dragon skeleton (Crypt:3)
  7 big kobolds
  A hog skeleton (Crypt:1)
  22 giant frogs
  A spiny frog simulacrum (Abyss:3)
  3 wyvern zombies
  An elf skeleton (Crypt:1)
  A yaktaur skeleton (Crypt:1)
  A wyvern skeleton (D:9)
  A water moccasin zombie (D:6)
  3 scorpions
  A warg skeleton (Crypt:2)
  4 spectral nagas (Depths:2)
  A raiju zombie (Crypt:1)
  24 killer bees
  A shapeshifter zombie (Crypt:3)
  A spectral ogre (Depths:2)
  2 troll skeletons (Volcano)
  31 wights
  3 electric eels
  41 jellies
  2 spectral centaurs (Depths:2)
  10 crimson imps
  8 hounds
  5 giant frog zombies
  A spriggan skeleton (Crypt:3)
  17 starcursed masses (Abyss:3)
  2 quasits
  16 orc priests
  3 giant frog skeletons
  A black bear skeleton (Crypt:3)
  3 iron imps (Abyss:3)
  10 centaur skeletons
  2 two-headed ogre skeletons (Volcano)
  Jessica (D:2)
  An iguana (shapeshifter) (Depths:1)
  36 orc wizards
  12 iguanas
  23 worker ants
  A spriggan simulacrum (Depths:2)
  A killer bee zombie (Crypt:3)
  41 sheep
  A big kobold zombie (Crypt:2)
  An ogre skeleton (Crypt:1)
  A hound zombie (D:5)
  2 naga skeletons (Volcano)
  4 mummies (Volcano)
  4 gnolls (D:5)
  A scorpion zombie (Crypt:3)
  14 adders
  A naga simulacrum (Depths:2)
  68 river rats
  5 shadow imps
  12 white imps (Lair:4)
  A giant eyeball (Depths:2)
  5 oozes (Depths:1)
  A worm zombie (Crypt:2)
  3 adder skeletons
  An adder zombie (D:5)
  22 worms
  4 giant geckos
  118 orcs
  6 bats
  11 giant cockroaches
  6 hobgoblins
  13 jackals
  38 kobolds
  3 quokkas
  2 giant gecko skeletons
  2 giant gecko zombies (D:6)
  7 giant newts
  13 goblins
  A goblin skeleton (Crypt:1)
  2 jackal skeletons
  A jackal zombie (D:9)
  A quokka skeleton (D:6)
  10 rats
  A rat skeleton (Crypt:3)
  7 plants
  9 tentacles (Shoals:3)
2703 creatures vanquished.

Vanquished Creatures (collateral kills)
  A phantom (D:4)
  A scorpion (D:3)
  A kobold (D:2)
3 creatures vanquished.

Vanquished Creatures (others)
  An ice dragon (Depths:2)
  A golden eye (Slime:1)
  4 slaves (D:6)
  A wasp (Lair:8)
  An ice beast (Vaults:2)
  An ogre (Depths:4)
  An orc wizard (Vaults:3)
  A white imp (Vaults:2)
  2 orcs
  A ball python (D:6)
  25 fungi
  4 lost souls
  50 plants
  5 tentacles (Shoals:3)
  333 tentacle segments (Shoals:3)
431 creatures vanquished.

Grand Total: 3137 creatures vanquished

Notes
Turn   | Place    | Note
--------------------------------------------------------------
     0 | D:1      | ITSHOTMAN the Hill Orc Transmuter began the quest for the Orb.
     0 | D:1      | Reached XP level 1. HP: 16/16 MP: 3/3
    22 | D:1      | Identified 2 scrolls of identify
    22 | D:1      | Identified a potion of agility
   717 | D:1      | Reached XP level 2. HP: 23/23 MP: 2/4
   736 | D:1      | Learned a level 2 spell: Sticks to Snakes
   807 | D:1      | Identified 2 potions of lignification
   952 | D:1      | Reached skill level 2 in Transmutations
  1135 | D:2      | Identified a potion of might
  1489 | D:2      | Noticed Jessica
  1516 | D:2      | Killed Jessica
  1516 | D:2      | Reached skill level 4 in Unarmed Combat
  1516 | D:2      | Reached XP level 3. HP: 17/28 MP: 2/5
  2159 | D:2      | Found an ancient bone altar of Kikubaaqudgha.
  2188 | D:2      | Found a snail-covered altar of Cheibriados.
  2200 | D:2      | Reached XP level 4. HP: 33/35 MP: 4/6
  2211 | D:2      | Became a worshipper of Cheibriados the Contemplative
  2384 | D:2      | Learned a level 3 spell: Spider Form
  2405 | D:2      | Found a glowing silver altar of Zin.
  2481 | D:2      | Reached * piety under Cheibriados
  3107 | D:3      | Noticed TerapinKing's ghost (amateur KoHu)
  3687 | D:3      | Reached skill level 5 in Unarmed Combat
  3687 | D:3      | Reached skill level 3 in Transmutations
  3687 | D:3      | Reached XP level 5. HP: 33/40 MP: 3/7
  3759 | D:4      | Noticed Sodium1970's ghost (amateur HuFi)
  3802 | D:4      | Identified 2 potions of curing
  4150 | D:4      | Identified 2 scrolls of magic mapping
  4151 | D:4      | Identified 2 scrolls of random uselessness
  4152 | D:4      | Identified 2 scrolls of teleportation
  4155 | D:4      | Noticed a phantom
  4227 | D:4      | Killed a phantom
  4227 | D:4      | Reached ** piety under Cheibriados
  4227 | D:4      | Reached XP level 6. HP: 11/47 MP: 6/8
  4900 | D:5      | Entered Level 5 of the Dungeon
  4998 | D:5      | Reached skill level 6 in Unarmed Combat
  5168 | D:5      | Found an opulent altar of Gozag.
  5191 | D:5      | Found Vywaq Imunni's Distillery.
  5197 | D:5      | Bought a potion of poison for 14 gold pieces
  5197 | D:5      | Bought a potion of heal wounds for 70 gold pieces
  5246 | D:5      | Found a sparkling altar of Nemelex Xobeh.
  5444 | D:5      | Reached skill level 4 in Transmutations
  5444 | D:5      | Reached XP level 7. HP: 42/52 MP: 7/9
  5519 | D:5      | Got a translucent tin ring
  6015 | D:5      | Reached skill level 7 in Unarmed Combat
  6099 | D:5      | Reached *** piety under Cheibriados
  6619 | D:5      | Reached XP level 8. HP: 52/59 MP: 10/10
  6667 | D:6      | Reached skill level 5 in Transmutations
  7231 | D:6      | Noticed Pikel
  7255 | D:6      | Killed Pikel
  7255 | D:6      | Reached skill level 8 in Unarmed Combat
  7255 | D:6      | Reached skill level 6 in Transmutations
  7424 | D:6      | Reached skill level 9 in Unarmed Combat
  7455 | D:6      | Reached **** piety under Cheibriados
  7455 | D:6      | Reached XP level 9. HP: 54/64 MP: 1/11
  7753 | D:6      | Found an opulent altar of Gozag.
  8214 | D:6      | Reached skill level 10 in Unarmed Combat
  8427 | D:7      | Reached skill level 7 in Transmutations
  8452 | D:7      | Identified the ring "Vyaroaw" {rF+ Dex+4} (You found it on level 5 of the Dungeon)
  8597 | D:7      | Noticed Prince Ribbit
  8949 | D:8      | Reached ***** piety under Cheibriados
  9435 | D:8      | Found a stormy altar of Qazlal.
  9447 | D:8      | Noticed a hill giant
  9466 | D:8      | Killed a hill giant
  9466 | D:8      | Reached skill level 11 in Unarmed Combat
  9466 | D:8      | Reached XP level 10. HP: 42/71 MP: 9/12
  9471 | D:8      | Reached skill level 8 in Transmutations
  9491 | D:8      | Identified 5 scrolls of remove curse
  9595 | D:8      | Learned a level 5 spell: Blade Hands
  9607 | D:8      | Found a shadowy altar of Dithmenos.
  9633 | D:8      | Found an iron altar of Okawaru.
 10300 | D:9      | Found a staircase to the Lair.
 10472 | Lair:1   | Entered Level 1 of the Lair of Beasts
 10473 | Lair:1   | Upgraded the game from 0.18-a0-1163-g98183fe to 0.18-a0-1180-g64ccc1e
 10473 | Lair:1   | edsrzf: Lots of things need training: fighting, dodging, spellcasting, invocations
 10473 | Lair:1   | ITSHOTMAN: yep
 10473 | Lair:1   | ITSHOTMAN: can probably stop TMs for now?
 10473 | Lair:1   | edsrzf: Yeah
 10473 | Lair:1   | edsrzf: How many spell levels do we need to memorize ice form?
 10473 | Lair:1   | ITSHOTMAN: 3 more
 10473 | Lair:1   | edsrzf: Okay
 10473 | Lair:1   | ITSHOTMAN: i've actually never used ice form tho
 10473 | Lair:1   | edsrzf: It's useful for a number of things in lair
 10473 | Lair:1   | ITSHOTMAN: poison resist i guess
 10473 | Lair:1   | edsrzf: Hydras, spiny frogs, black mambas
 10473 | Lair:1   | ITSHOTMAN: true
 10473 | Lair:1   | gg19: ice form actually wacks everything in lair
 10473 | Lair:1   | ITSHOTMAN: yeah that makes sense
 10473 | Lair:1   | ITSHOTMAN: ok so my plan is to hit 11 and then dive to L8
 10473 | Lair:1   | ITSHOTMAN: chei probably isn't ideal for diving but i'll see how it goes
 10473 | Lair:1   | edsrzf: Right now if we run into a hydra we have to get away. With ice form we might have a chance (though still best to get away)
 10473 | Lair:1   | gg19: why diving tho
 10473 | Lair:1   | ITSHOTMAN: dieselrobin mission
 10473 | Lair:1   | edsrzf: We're doing dieselrobin and this character gets a bonus if he hits lair 8 before xl 12
 10473 | Lair:1   | gg19: oh i c :p
 10490 | Lair:1   | edsrzf: You could probably even turn off unarmed for a little while
 10490 | Lair:1   | gg19: ice fist is good vs hydra with its slow, just use couple of wands before it approach it is quite save i'll say
 10490 | Lair:1   | gg19: safe*
 10532 | Lair:1   | Reached skill level 1 in Invocations
 10541 | Lair:1   | Reached skill level 2 in Invocations
 10580 | Lair:1   | gg19: especially with chei, chei is super safe vs hydra :p
 10592 | Lair:1   | edsrzf: But 5 AC is not ;)
 10603 | Lair:1   | Noticed a spiny frog
 10617 | Lair:1   | gg19: that is why ice form beats blade hands early game
 10641 | Lair:1   | Reached skill level 2 in Fighting
 10692 | Lair:1   | Reached skill level 3 in Invocations
 10706 | Lair:1   | ITSHOTMAN: tloc is nice with chei but it'll be a while before we can afford it
 10720 | Lair:1   | edsrzf: Yeah, not a priority
 10735 | Lair:1   | edsrzf: Blink would be great, but cblink is too expensive
 10835 | Lair:1   | Reached skill level 4 in Invocations
 10913 | Lair:1   | Noticed a spiny frog
 10918 | Lair:1   | Killed a spiny frog
 10918 | Lair:1   | Reached skill level 3 in Fighting
 10918 | Lair:1   | Reached skill level 5 in Invocations
 10989 | Lair:1   | Reached skill level 4 in Fighting
 10989 | Lair:1   | Reached skill level 6 in Invocations
 11133 | Lair:1   | Reached skill level 7 in Invocations
 11138 | Lair:1   | Reached XP level 11. HP: 54/85 MP: 14/16
 11301 | Lair:2   | Reached skill level 5 in Fighting
 11798 | Lair:3   | Reached skill level 8 in Invocations
 12105 | Lair:4   | ITSHOTMAN: hmmmmm
 12105 | Lair:4   | ITSHOTMAN: ice cave
 12105 | Lair:4   | ITSHOTMAN: would be tough i think
 12105 | Lair:4   | gg19: more reason to learn ice form :p
 12106 | Lair:4   | ITSHOTMAN: i could forget spider form and learn it now
 12106 | Lair:4   | gg19: forget sticks to snakes
 12106 | Lair:4   | ITSHOTMAN: neither are very useful anymore
 12106 | Lair:4   | gg19: spider might be still good for hungry ghost :p
 12106 | Lair:4   | ITSHOTMAN: how do i see what i've got IDd?
 12106 | Lair:4   | gg19: \
 12106 | Lair:4   | gg19: no amniesia yet
 12113 | Lair:4   | ITSHOTMAN: can destroy this book to lose spider form
 12113 | Lair:4   | gg19: could you?
 12113 | Lair:4   | ITSHOTMAN: yeah i think it's the best option
 12113 | Lair:4   | gg19: i'd like to learn how
 12113 | Lair:4   | ITSHOTMAN: look at book, look at spell, F
 12113 | Lair:4   | gg19: oh i c
 12113 | Lair:4   | gg19: good to know :)
 12119 | Lair:4   | Learned a level 4 spell: Ice Form
 12132 | Lair:4   | Found a frozen archway.
 12144 | Lair:4   | Reached ****** piety under Cheibriados
 12154 | Lair:4   | ITSHOTMAN: woo
 12158 | Lair:4   | ITSHOTMAN: HMMM
 12158 | Lair:4   | gg19: run
 12192 | Lair:4   | Reached skill level 1 in Ice Magic
 12200 | Lair:4   | ITSHOTMAN: ice cave might not be doable without hitting level 12 tho
 12200 | Lair:4   | ITSHOTMAN: depends on layout
 12208 | IceCv    | Entered an ice cave
 12241 | IceCv    | Reached skill level 2 in Ice Magic
 12299 | IceCv    | ITSHOTMAN: taking a break for a min, ill be back later
 12311 | IceCv    | HP: 25/106 [ice statue/bolt of cold (5)]
 12313 | IceCv    | HP: 10/106 [ice beast[an ice statue] (3)]
 12319 | IceCv    | HP: 23/106 [ice beast[an ice statue] (4)]
 12325 | IceCv    | HP: 23/106 [ice beast[an ice statue] (2)]
 12572 | Lair:4   | Reached skill level 2 in Dodging
 12762 | Lair:5   | Reached skill level 6 in Fighting
 12792 | Lair:5   | Found a staircase to the Shoals.
 13237 | Lair:6   | Noticed Rupert
 13238 | Lair:6   | edsrzf: Uh oh, what's he got there?
 13238 | Lair:6   | ITSHOTMAN: flaming triple sword
 13238 | Lair:6   | ITSHOTMAN: err
 13238 | Lair:6   | ITSHOTMAN: wrath
 13238 | Lair:6   | edsrzf: Yikes
 13238 | Lair:6   | ITSHOTMAN: holy
 13238 | Lair:6   | ITSHOTMAN: but yeah
 13238 | Lair:6   | edsrzf: Well, slightly less bad
 13238 | Lair:6   | ITSHOTMAN: not a lot of good options here
 13238 | Lair:6   | ITSHOTMAN: 3 tele scrolls
 13238 | Lair:6   | ITSHOTMAN: 2 more levels to go down to finish mission
 13238 | Lair:6   | edsrzf: I think you have to tele
 13238 | Lair:6   | ITSHOTMAN: yeah
 13238 | Lair:6   | edsrzf: Any other options?
 13238 | Lair:6   | edsrzf: No, not really
 13238 | Lair:6   | ITSHOTMAN: lot of un IDd potions but nothing to save the day
 13238 | Lair:6   | edsrzf: Yeah, cross your fingers and tele
 13238 | Lair:6   | ITSHOTMAN: on the plus side, i guess i picked up book of the dragon somewhere?
 13238 | Lair:6   | ITSHOTMAN: or did we already have it
 13238 | Lair:6   | edsrzf: Oh, nice
 13238 | Lair:6   | ITSHOTMAN: dragon form is nice to have
 13238 | Lair:6   | edsrzf: No, don't think so
 13238 | Lair:6   | gg19: disintergration might get him
 13238 | Lair:6   | edsrzf: His MR's pretty good
 13238 | Lair:6   | ITSHOTMAN: yeah
 13238 | Lair:6   | gg19: if you can get him half hp then couple of slouch will finish him off
 13238 | Lair:6   | ITSHOTMAN: i could uhh
 13238 | Lair:6   | ITSHOTMAN: step from time maybe
 13238 | Lair:6   | gg19: depends on luck
 13238 | Lair:6   | ITSHOTMAN: but that's not gonna help much
 13238 | Lair:6   | ITSHOTMAN: 30%
 13238 | Lair:6   | edsrzf: Does slouch do more damage if he berserks? Probably don't want to find out, but I have to wonder
 13238 | Lair:6   | ITSHOTMAN: if he paralyses or confuses us we're in trouble
 13238 | Lair:6   | ITSHOTMAN: think i gotta tele
 13238 | Lair:6   | edsrzf: Yeah
 13238 | Lair:6   | ITSHOTMAN: can use invis to hopefully get out of any other trouble i land in
 13239 | Lair:6   | ITSHOTMAN: confused
 13241 | Lair:6   | edsrzf: Cure?
 13241 | Lair:6   | ITSHOTMAN: 1
 13241 | Lair:6   | edsrzf: Hm, only one left
 13241 | Lair:6   | ITSHOTMAN: see where i land first
 13241 | Lair:6   | edsrzf: Yeah
 13242 | Lair:6   | ITSHOTMAN: lol
 13242 | Lair:6   | edsrzf: Not good
 13242 | Lair:6   | gg19: lol
 13243 | Lair:6   | ITSHOTMAN: sigh
 13243 | Lair:6   | ITSHOTMAN: again
 13248 | Lair:6   | edsrzf: Okay, you got this
 13334 | Lair:7   | Reached skill level 7 in Fighting
 13334 | Lair:7   | Reached skill level 3 in Dodging
 13342 | Lair:7   | ITSHOTMAN: erm
 13342 | Lair:7   | ITSHOTMAN: slouch him or melee?
 13342 | Lair:7   | ITSHOTMAN: hmmm
 13342 | Lair:7   | gg19: slouch is not enuf
 13342 | Lair:7   | gg19: step from time?
 13342 | Lair:7   | ITSHOTMAN: it's 30% fail
 13342 | Lair:7   | ITSHOTMAN: i think i'd be better off meleeing
 13342 | Lair:7   | ITSHOTMAN: or quaffing something then meleeing
 13342 | Lair:7   | edsrzf: You should get a free attack since he's slowed. I think
 13342 | Lair:7   | ITSHOTMAN: yeah but he's hitting hard
 13342 | Lair:7   | edsrzf: Might be able to do something else for free too though
 13346 | Lair:7   | edsrzf: Slouch to finish
 13346 | Lair:7   | ITSHOTMAN: woooo
 13346 | Lair:7   | edsrzf: Okay
 13346 | Lair:7   | edsrzf: Whew
 13524 | Lair:7   | ITSHOTMAN: oof
 13524 | Lair:7   | gg19: this one if tough
 13524 | Lair:7   | ITSHOTMAN: slouch
 13524 | Lair:7   | gg19: step from time :p
 13524 | Lair:7   | ITSHOTMAN: slouch should do a lot to a spriggan right?
 13524 | Lair:7   | edsrzf: Yeah
 13525 | Lair:7   | gg19: half probably
 13525 | Lair:7   | ITSHOTMAN: BOOM
 13525 | Lair:7   | gg19: woo
 13525 | Lair:7   | ITSHOTMAN: slouched 2 death
 13755 | Lair:7   | ITSHOTMAN: wooo there it is
 13768 | Lair:8   | Entered Level 8 of the Lair of Beasts
 13768 | Lair:8   | Found a labyrinth entrance.
 13769 | Lair:8   | ITSHOTMAN: and a labyrinth
 13769 | Lair:8   | edsrzf: Nice!
 13769 | Lair:8   | ITSHOTMAN: chequers on this next?
 13769 | Lair:8   | edsrzf: Think so
 13769 | Lair:8   | edsrzf: You're up on wearediesel
 13769 | Lair:8   | ITSHOTMAN: nice
 13769 | Lair:8   | Upgraded the game from 0.18-a0-1180-g64ccc1e to 0.18-a0-1203-gbde16db
 13774 | Lab      | Entered a labyrinth
 13799 | Lab      | Reached skill level 9 in Invocations
 13840 | Lab      | Noticed a minotaur
 13848 | Lab      | Killed a minotaur
 13848 | Lab      | Reached skill level 8 in Fighting
 13896 | Lab      | Identified a +3 rod of clouds (9/9) (You found it in a labyrinth)
 13903 | Lab      | Got a smoking wooden ring
 13905 | Lab      | Identified the ring of the Gloaming {*Corrode rPois Dex+4} (You found it in a labyrinth)
 14075 | Lair:2   | edsrzf: Did you figure out autoexplore?
 14075 | Lair:2   | ITSHOTMAN: nearly
 14094 | Lair:2   | Noticed a griffon
 14107 | Lair:2   | Killed a griffon
 14107 | Lair:2   | Reached skill level 10 in Invocations
 14371 | Lair:1   | Reached XP level 12. HP: 103/103 MP: 19/19
 15115 | Lair:1   | edsrzf: I don't think we need much more transmutations for now
 15145 | Lair:1   | ITSHOTMAN: wanted to get rid of yellow for blade hands
 15188 | Lair:1   | edsrzf: Chei will give us another point or two of int if we reach max piety
 15228 | Lair:2   | Reached skill level 1 in Armour
 15437 | Lair:2   | Noticed a six-headed hydra
 15439 | Lair:2   | ITSHOTMAN: how does this char kill hydrae
 15439 | Lair:2   | ITSHOTMAN: slouch?
 16305 | Lair:3   | Found a staircase to the Snake Pit.
 16313 | Lair:3   | edsrzf: Ice form works pretty well, but defense isn't great
 16564 | Lair:3   | Reached skill level 10 in Fighting
 16570 | Lair:3   | Reached skill level 5 in Dodging
 16837 | Lair:3   | Noticed a five-headed hydra
 16843 | Lair:3   | Killed a five-headed hydra
 16843 | Lair:3   | Reached XP level 13. HP: 103/114 MP: 5/21
 16848 | Lair:3   | edsrzf: I would've used ice form there
 16934 | Lair:3   | edsrzf: Too much slouching is going to drain our piety pretty quick
 16987 | Lair:3   | ITSHOTMAN: rather drain piety than stand next to a hydra with 7 AC
 17315 | Lair:3   | Reached skill level 5 in Armour
 17376 | Lair:4   | edsrzf: You can get a few hits in and still slouch if you get in trouble
 17410 | Lair:4   | edsrzf: Well, before you're in *too* much trouble
 17636 | Lair:4   | ITSHOTMAN: wow didn't realise s2s could double
 17977 | Lair:4   | edsrzf: As many as 7
 17977 | Lair:4   | ITSHOTMAN: blade hands is pretty great
 18038 | Lair:4   | edsrzf: Yeah, blade hands for most things, but ice form for things that can be slowed by cold
 18038 | Lair:4   | ITSHOTMAN: oh nice, dragon form
 18038 | Lair:4   | ITSHOTMAN: wonder if that would actually be an upgrade though
 18086 | Lair:4   | edsrzf: It's pretty amazing offensively
 18556 | Lair:4   | edsrzf: Probably a defensive upgrade at this point, but we'll be able to do better with some real armour
 18737 | Lair:5   | edsrzf: It will take a big skill investment though
 18737 | Lair:5   | ITSHOTMAN: what are you thinking? something like mda?
 18845 | Lair:5   | edsrzf: Probably could go heavier than that even with our good strength and aptitude
 19359 | Lair:6   | Reached skill level 12 in Fighting
 19610 | Lair:6   | Noticed Snorg
 19612 | Lair:6   | ITSHOTMAN: ew
 20764 | Lair:7   | Reached XP level 14. HP: 125/127 MP: 22/22
 20898 | Lair:7   | Reached skill level 13 in Fighting
 21383 | Lair:8   | Found a viscous altar of Jiyva.
 21383 | Lair:8   | Found a staircase to the Slime Pits.
 21986 | Lair:8   | ITSHOTMAN: might come back to this
 21986 | Lair:8   | ITSHOTMAN: snorg and norris
 22073 | Lair:4   | edsrzf: Yeah
 22256 | D:9      | edsrzf: I think some D floors aren't cleared
 22361 | D:7      | Found a shimmering altar of Xom.
 22362 | D:7      | edsrzf: If I recall
 22362 | D:7      | ITSHOTMAN: free xp!
 22503 | D:7      | Found a staircase to the Ecumenical Temple.
 22587 | D:7      | Killed Prince Ribbit
 22611 | D:7      | Found a sacrificial altar of Ru.
 23138 | D:4      | Killed Sodium1970's ghost
 23615 | D:3      | Found an oddly glowing altar of Pakellas.
 23851 | D:3      | Found a shattered altar of Ashenzari.
 23851 | D:3      | Found a burning altar of Makhleb.
 23865 | D:3      | Killed TerapinKing's ghost
 24133 | Temple   | Entered the Ecumenical Temple
 24811 | D:9      | Got a distressingly furry ring mail
 24822 | D:9      | Identified the cursed +0 ring mail of Loss {Dex+3} (You found it on level 9 of the Dungeon)
 24950 | D:9      | Noticed Erica
 24956 | D:9      | Killed Erica
 25241 | D:10     | Entered Level 10 of the Dungeon
 25277 | D:10     | Noticed Nergalle
 25297 | D:10     | Killed Nergalle
 25446 | D:10     | Reached skill level 14 in Fighting
 25644 | D:10     | ITSHOTMAN: how do you fee about tla
 25907 | D:10     | edsrzf: I think let's wait and see what we find in orc shops
 25918 | D:11     | ITSHOTMAN: ok
 26105 | D:11     | Found a deep blue altar of Sif Muna.
 26298 | D:11     | Identified a +0 pair of boots of running (You found it on level 11 of the Dungeon)
 26298 | D:11     | edsrzf: Aw man
 26298 | D:11     | ITSHOTMAN: i wonder if i get penance if i move
 26429 | D:11     | edsrzf: Not worth it unless we abandon chei
 26429 | D:11     | ITSHOTMAN: oops
 26868 | D:12     | Noticed Frances
 26934 | D:12     | Found a staircase to the Orcish Mines.
 27013 | Orc:1    | Entered Level 1 of the Orcish Mines
 27069 | Orc:1    | Found a roughly hewn altar of Beogh.
 27425 | Orc:1    | Found a roughly hewn altar of Beogh.
 27499 | Orc:2    | Entered Level 2 of the Orcish Mines
 27529 | Orc:2    | Found Astrerphui's Assorted Antiques.
 27539 | Orc:2    | Found a dark tunnel.
 27554 | Volcano  | Entered a volcano
 27819 | Volcano  | Noticed Menkaure
 27825 | Volcano  | Killed Menkaure
 28010 | Orc:2    | Bought a scroll of identify for 52 gold pieces
 28010 | Orc:2    | Bought a scroll of identify for 52 gold pieces
 28010 | Orc:2    | Bought a scroll labeled LOYNIS REONT for 26 gold pieces
 28014 | Orc:2    | Bought a scroll labeled MAIQALATOTT for 26 gold pieces
 28137 | Orc:2    | Reached XP level 15. HP: 123/139 MP: 23/23
 28360 | Orc:2    | Noticed Josephine
 28371 | Orc:2    | Killed Josephine
 28642 | Orc:2    | Found a staircase to the Elven Halls.
 28660 | Orc:2    | Reached skill level 10 in Dodging
 28737 | Orc:2    | Noticed an orc warlord
 28754 | Orc:2    | Killed an orc warlord
 29094 | Orc:2    | Found a roughly hewn altar of Beogh.
 29261 | Orc:2    | Found Fatai's Book Shoppe.
 29305 | Orc:2    | Found Nanew's Antique Weapon Shoppe.
 29320 | Orc:2    | Found Nasaadug's Antique Armour Shoppe.
 29336 | Orc:2    | Found Qyla Die's General Store.
 29343 | Orc:2    | Bought a scroll of identify for 36 gold pieces
 29551 | Orc:2    | Bought a scroll of enchant armour for 195 gold pieces
 29551 | Orc:2    | Bought a pair of glowing gloves for 117 gold pieces
 29595 | Orc:2    | Bought a runed helmet for 162 gold pieces
 29660 | D:12     | ITSHOTMAN: happy to enchant tla?
 29717 | D:12     | Got a scorched scale mail
 29735 | D:12     | Noticed edsrzf's ghost (journeyman KoAM)
 29744 | D:12     | Killed edsrzf's ghost
 29771 | D:12     | Identified the +8 scale mail of the Bull {rF+} (You found it on level 12 of the Dungeon)
 29771 | D:12     | ITSHOTMAN: ooh
 29771 | D:12     | ITSHOTMAN: maybe this is better
 29876 | D:12     | Got a wavering iron ring
 29878 | D:12     | Identified the ring "Wenliz" {SustAt Int+3 Dex+3} (You found it on level 12 of the Dungeon)
 30123 | D:12     | edsrzf: I missed what you found
 30127 | D:12     | edsrzf: Oh, not bad
 30127 | D:12     | ITSHOTMAN: few levels into tmut and we'll be great
 30211 | D:12     | edsrzf: Oooh, blink
 30212 | D:12     | ITSHOTMAN: and rmsl?
 30212 | D:12     | edsrzf: Yeah
 30215 | D:12     | Learned a level 2 spell: Blink
 30218 | D:12     | Learned a level 2 spell: Repel Missiles
 30381 | D:12     | Noticed edsrzf's ghost (journeyman OgAM)
 30393 | D:12     | Killed edsrzf's ghost
 30572 | D:12     | Killed Frances
 30613 | D:12     | edsrzf: Nice!
 30613 | D:12     | ITSHOTMAN: indeed
 30613 | D:12     | ITSHOTMAN: i guess we want statue form eventually
 30613 | D:12     | ITSHOTMAN: you know.. i found a ring of wizardry, we could probably get statue form castable quite quickly
 30618 | D:12     | ITSHOTMAN: bbl
 30662 | D:13     | Reached skill level 10 in Transmutations
 31127 | D:13     | Found Xeschoapsa's Magic Scroll Shop.
 31135 | D:13     | Bought a scroll of identify for 32 gold pieces
 31135 | D:13     | Bought 2 scrolls of identify for 64 gold pieces
 31135 | D:13     | Bought a scroll of identify for 32 gold pieces
 31136 | D:13     | Identified 2 scrolls of acquirement
 31142 | D:13     | ITSHOTMAN: hm, what to acquire
 31264 | D:13     | edsrzf: Armour? Maybe wand?
 31698 | D:13     | Learned a level 6 spell: Statue Form
 31846 | D:13     | Reached skill level 5 in Spellcasting
 32077 | D:13     | Got a bloodstained hat
 32088 | D:13     | Identified the +2 hat "Tuir" {rElec rF+ rC- rN+} (You acquired it on level 13 of the Dungeon)
 32114 | D:13     | ITSHOTMAN: rip
 32159 | D:14     | Found a white marble altar of Elyvilon.
 32174 | D:14     | edsrzf: Oh well
 32180 | D:14     | Got a sparkling iron ring
 32182 | D:14     | Identified the ring of Atuegyol {rCorr Fragile +Inv rN+++ Stlth-} (You found it on level 14 of the Dungeon)
 32183 | D:14     | ITSHOTMAN: wow.. that is sort of good
 32183 | D:14     | ITSHOTMAN: just completely useless right now :P
 32183 | D:14     | edsrzf: Leave it on for now
 32199 | D:14     | edsrzf: We need rcorr if we're going to try to do slime as our first rune
 32282 | D:14     | Reached XP level 16. HP: 147/147 MP: 24/24
 32358 | D:14     | Found a gate to the Vaults.
 32380 | D:14     | edsrzf: I'm still not sure that's a good idea though
 33324 | D:15     | Entered Level 15 of the Dungeon
 33325 | D:15     | ITSHOTMAN: there we go
 33332 | D:15     | Learned a level 6 spell: Hydra Form
 33597 | D:15     | Reached skill level 8 in Spellcasting
 33940 | D:15     | Learned a level 2 spell: Stoneskin
 34236 | D:15     | Reached skill level 9 in Spellcasting
 34247 | D:15     | Reached skill level 1 in Earth Magic
 34248 | D:15     | Found a staircase to the Depths.
 34411 | D:15     | Reached skill level 2 in Earth Magic
 34941 | Lair:6   | Killed Snorg
 34941 | Lair:6   | Reached skill level 3 in Earth Magic
 35159 | Lair:8   | Killed Rupert
 35159 | Lair:8   | Reached skill level 4 in Earth Magic
 35212 | Lair:8   | Reached skill level 5 in Earth Magic
 35367 | Lair:8   | Found a runed door.
 35505 | Lair:8   | Reached skill level 6 in Earth Magic
 36664 | D:11     | Reached skill level 7 in Earth Magic
 36911 | Slime:1  | Entered Level 1 of the Pits of Slime
 36922 | Slime:1  | Noticed an acid blob
 37248 | Slime:1  | Noticed an azure jelly
 37250 | Slime:1  | Killed an acid blob
 37250 | Slime:1  | Reached skill level 8 in Earth Magic
 37250 | Slime:1  | Reached XP level 17. HP: 143/154 MP: 22/30
 37256 | Slime:1  | Noticed an acid blob
 37266 | Slime:1  | Killed an acid blob
 37676 | Slime:2  | Noticed an acid blob
 37681 | Slime:2  | Reached skill level 9 in Earth Magic
 37685 | Slime:2  | Killed an acid blob
 37813 | Slime:1  | Reached skill level 10 in Earth Magic
 38021 | Slime:1  | Noticed an acid blob
 38153 | Slime:2  | Noticed an acid blob
 38159 | Slime:2  | Killed an acid blob
 38468 | Slime:2  | Noticed an acid blob
 38474 | Slime:2  | Killed an acid blob
 38474 | Slime:2  | Reached skill level 11 in Earth Magic
 38877 | Slime:3  | Noticed an acid blob
 38889 | Slime:3  | Killed an acid blob
 39077 | Slime:4  | Gained mutation: You evolve. [a shining eye]
 39341 | Slime:5  | Reached skill level 12 in Earth Magic
 39658 | Slime:5  | Gained mutation: Your mind is acute. (Int +2) [evolution]
 39658 | Slime:5  | Lost mutation: You evolve. [end of evolution]
 39926 | Slime:4  | Noticed an acid blob
 39952 | Slime:4  | Gained mutation: Your body sometimes deteriorates upon taking damage. [a shining eye]
 39962 | Slime:4  | Gained mutation: You regenerate slowly when monsters are visible. [a shining eye]
 40006 | Slime:3  | Noticed an acid blob
 40017 | Slime:3  | Killed an acid blob
 40017 | Slime:3  | Reached skill level 13 in Earth Magic
 40018 | Slime:3  | Noticed an acid blob
 40018 | Slime:3  | Noticed an acid blob
 40111 | Slime:4  | Gained mutation: Your magical capacity is low (-10% MP). [a shining eye]
 40119 | Slime:3  | Killed an acid blob
 40121 | Slime:3  | Killed an acid blob
 40566 | Slime:4  | Gained mutation: Your flesh is cold resistant. [a shining eye]
 40567 | Slime:4  | Gained mutation: Your spells are a little easier to cast, but a little less powerful. [a shining eye]
 40569 | Slime:4  | Reached XP level 18. HP: 160/160 MP: 19/27
 40934 | Slime:5  | Gained mutation: Armour fits poorly on your strangely shaped body. [a shining eye]
 40939 | Slime:5  | Gained mutation: Your magical capacity is very low (-20% MP). [a shining eye]
 41040 | Slime:5  | Reached skill level 14 in Earth Magic
 41114 | Slime:6  | Entered Level 6 of the Pits of Slime
 41218 | Slime:5  | Reached skill level 14 in Unarmed Combat
 41641 | Slime:6  | Reached skill level 15 in Fighting
 41857 | Slime:6  | Found a viscous altar of Jiyva.
 41859 | Slime:6  | Noticed the Royal Jelly
 41866 | Slime:6  | Noticed Donald
 41874 | Slime:6  | Killed the Royal Jelly
 41874 | Slime:6  | Reached skill level 15 in Unarmed Combat
 41886 | Slime:6  | Killed Donald
 42164 | Slime:6  | Identified a +2 pair of boots of running (You found it on level 6 of the Pits of Slime)
 42176 | Slime:6  | Got a flickering platinum ring
 42177 | Slime:6  | Identified the ring "Wegek" {*Tele rElec rN+ Dex+4 Stlth-} (You found it on level 6 of the Pits of Slime)
 42181 | Slime:6  | Got a crude platinum ring
 42195 | Slime:6  | Got a distressingly furry ring mail
 42206 | Slime:6  | Identified the +3 ring mail "Offeliaza" {*Contam Regen+ Dex+5 SInv} (You found it on level 6 of the Pits of Slime)
 42251 | Slime:6  | Identified the ring "Rerueps" {+Blink rF- Int+3 Stlth+} (You found it on level 6 of the Pits of Slime)
 42284 | Slime:6  | Got a warped lead ring
 42287 | Slime:6  | Identified the ring of Limitation {Ice *Confuse Str+3 Int+4 Dex+7} (You found it on level 6 of the Pits of Slime)
 42324 | Slime:6  | Got a slimy jade ring
 42326 | Slime:6  | Identified the ring of Firuh {*Corrode rElec Int+4 Dex+4 SInv} (You found it on level 6 of the Pits of Slime)
 42350 | Slime:6  | Got a steaming brass ring
 42352 | Slime:6  | Identified the ring "Feimubb" {*Tele rC+} (You found it on level 6 of the Pits of Slime)
 42367 | Slime:6  | Got a slimy rune of Zot
 42382 | Slime:6  | gg19: still alive :)
 43055 | Snake:1  | Entered Level 1 of the Snake Pit
 43201 | Snake:1  | Reached skill level 1 in Translocations
 43473 | Snake:1  | chequers: yo
 43473 | Snake:1  | chequers: this guy is fun
 44470 | Snake:2  | Reached XP level 19. HP: 172/172 MP: 5/25
 44473 | Snake:2  | Reached skill level 16 in Unarmed Combat
 44607 | Snake:2  | Reached skill level 16 in Fighting
 44638 | Snake:2  | Reached skill level 2 in Translocations
 45702 | Snake:3  | Reached skill level 3 in Translocations
 46483 | Snake:3  | Reached skill level 17 in Unarmed Combat
 46499 | Snake:3  | Reached skill level 4 in Translocations
 47017 | Snake:4  | Entered Level 4 of the Snake Pit
 47673 | Snake:4  | Reached skill level 5 in Translocations
 47801 | Snake:4  | Reached skill level 18 in Unarmed Combat
 48167 | Snake:4  | HP: 34/172 [naga warrior/scimitar (13)]
 48173 | Snake:4  | HP: 22/172 [poisoned by a naga warrior (splash of poison)]
 48191 | Snake:4  | HP: 30/172 [poisoned by a naga warrior (splash of poison)]
 48196 | Snake:4  | HP: 30/172 [poisoned by a naga warrior (splash of poison)]
 48201 | Snake:4  | HP: 30/172 [poisoned by a naga warrior (splash of poison)]
 48206 | Snake:4  | HP: 31/172 [poisoned by a naga warrior (splash of poison)]
 48212 | Snake:4  | HP: 32/172 [poisoned by a naga warrior (splash of poison)]
 48218 | Snake:4  | HP: 34/172 [poisoned by a naga warrior (splash of poison)]
 48224 | Snake:4  | HP: 35/172 [poisoned by a naga warrior (splash of poison)]
 48402 | Snake:4  | Reached XP level 20. HP: 135/181 MP: 19/26
 48719 | Snake:4  | ITSHOTMAN: just one-punching snake guys to death
 48858 | Snake:4  | Reached skill level 6 in Translocations
 49297 | Snake:4  | Reached skill level 19 in Unarmed Combat
 49369 | Snake:4  | HP: 44/235 [naga warrior/long sword (15)]
 49379 | Snake:4  | HP: 42/235 [greater naga/spear (2)]
 49766 | Snake:4  | Got a serpentine rune of Zot
 49841 | Snake:4  | Upgraded the game from 0.18-a0-1203-gbde16db to 0.18-a0-1211-g828307d
 50353 | Vaults:1 | Entered Level 1 of the Vaults
 50374 | Vaults:1 | Noticed a lich
 50802 | Vaults:1 | Killed a lich
 50863 | Vaults:1 | Reached skill level 20 in Unarmed Combat
 51786 | Vaults:1 | Noticed Norris
 51799 | Vaults:1 | Killed Norris
 52159 | Vaults:1 | Found Gellaenn's Jewellery Shop.
 52401 | Vaults:1 | Lost mutation: Your body sometimes deteriorates upon taking damage. [potion of cure mutation]
 52401 | Vaults:1 | Lost mutation: You regenerate slowly when monsters are visible. [potion of cure mutation]
 52401 | Vaults:1 | Lost mutation: Your magical capacity is very low (-20% MP). [potion of cure mutation]
 52401 | Vaults:1 | Lost mutation: Your spells are a little easier to cast, but a little less powerful. [potion of cure mutation]
 52401 | Vaults:1 | Lost mutation: Your flesh is cold resistant. [potion of cure mutation]
 52401 | Vaults:1 | Lost mutation: Your mind is acute. (Int +2) [potion of cure mutation]
 52401 | Vaults:1 | Lost mutation: Your magical capacity is low (-10% MP). [potion of cure mutation]
 52458 | Vaults:1 | Reached XP level 21. HP: 176/188 MP: 29/34
 52728 | Vaults:2 | Reached skill level 21 in Unarmed Combat
 52875 | Vaults:2 | Got a pitted scale mail
 52886 | Vaults:2 | Identified the +1 scale mail of Kikubaaqudgha's Favour {+Fly rC+ Stlth-} (You found it on level 2 of the Vaults)
 52978 | Vaults:2 | Noticed Margery
 52983 | Vaults:2 | Killed Margery
 53991 | Vaults:2 | Noticed Jorgrun
 53994 | Vaults:2 | Killed Jorgrun
 55071 | Vaults:3 | Paralysed by an ogre mage for 3 turns
 55593 | Vaults:3 | Found Zipnuad's Book Emporium.
 55627 | Vaults:3 | Found Illelurph's Book Emporium.
 55633 | Vaults:3 | Found Juruaxyo's Jewellery Emporium.
 55666 | Vaults:3 | Reached XP level 22. HP: 182/195 MP: 35/35
 55672 | Vaults:3 | Found Heuxeh's Distillery.
 55682 | Vaults:3 | Bought a potion of curing for 33 gold pieces
 55682 | Vaults:3 | Bought a potion of curing for 33 gold pieces
 55682 | Vaults:3 | Bought 2 potions of curing for 66 gold pieces
 55742 | Vaults:3 | Found a staircase to the Crypt.
 55742 | Vaults:3 | Found a basalt altar of Yredelemnul.
 55743 | Vaults:3 | Found an ancient bone altar of Kikubaaqudgha.
 56422 | Vaults:4 | Found Kafereru's Weapon Shoppe.
 58384 | Crypt:1  | Entered Level 1 of the Crypt
 58658 | Crypt:1  | Paralysed by a vampire knight for 4 turns
 59754 | Crypt:2  | Reached XP level 23. HP: 163/202 MP: 36/36
 60226 | Crypt:2  | wearedevo: so stronk
 60318 | Crypt:2  | ITSHOTMAN: yeah torment is a bitch with slow movements though
 60346 | Crypt:2  | wearedevo: this chequers or ezddrfrf?
 60358 | Crypt:2  | ITSHOTMAN: chequers
 60628 | Crypt:3  | Entered Level 3 of the Crypt
 60629 | Crypt:3  | ITSHOTMAN: that was easier than expected
 60689 | Crypt:3  | Reached skill level 15 in Dodging
 60741 | Crypt:3  | Got a crude wooden ring
 60742 | Crypt:3  | Identified the ring of Leaves {rElec rPois Dex+3} (You found it on level 3 of the Crypt)
 60962 | Crypt:3  | Found a staircase to the Tomb.
 61313 | Crypt:3  | Noticed an ancient lich
 61317 | Crypt:3  | Killed an ancient lich
 61348 | Crypt:3  | Reached skill level 16 in Dodging
 61647 | Crypt:3  | Got a flickering jade ring
 61648 | Crypt:3  | Identified the ring of Amelioration {rElec rPois rN+ Dex+2} (You found it on level 3 of the Crypt)
 61678 | Crypt:3  | Got a slimy amber ring
 61679 | Crypt:3  | Identified the ring "Myrchiki" {rElec rF+ rN+ Int+3 SInv} (You found it on level 3 of the Crypt)
 61686 | Crypt:3  | Got a vibrating silver ring
 61687 | Crypt:3  | Identified the ring "Gomygh" {rPois rC++ rN+ MP+9 Slay-3} (You found it on level 3 of the Crypt)
 61690 | Crypt:3  | Got a polished blowgun
 61691 | Crypt:3  | Identified the cursed +1 blowgun of the Eight Stars {evade, +Fly rPois rC-} (You found it on level 3 of the Crypt)
 61845 | Crypt:3  | Identified a scroll of silence
 61846 | Crypt:3  | Identified a scroll of brand weapon
 62218 | Depths:1 | Entered Level 1 of the Depths
 62441 | Depths:1 | Found a glowing golden altar of the Shining One.
 62645 | Depths:1 | Found a gateway to Hell.
 62929 | Depths:1 | Reached skill level 17 in Dodging
 62960 | Depths:1 | Reached XP level 24. HP: 211/211 MP: 36/36
 63718 | Depths:3 | Found a gateway to a ziggurat.
 63804 | Depths:3 | Reached skill level 17 in Fighting
 64213 | Depths:2 | Noticed an ancient lich
 64217 | Depths:2 | Killed an ancient lich
 64618 | Depths:2 | Reached skill level 10 in Spellcasting
 65296 | Depths:3 | Reached skill level 11 in Spellcasting
 65401 | Depths:3 | Reached XP level 25. HP: 222/222 MP: 38/38
 65722 | Depths:3 | Found a one-way gate leading to the halls of Pandemonium.
 65878 | Depths:3 | Reached skill level 12 in Spellcasting
 66053 | Depths:4 | Upgraded the game from 0.18-a0-1211-g828307d to 0.18-a0-1215-gc4e1e30
 66129 | Depths:4 | Noticed Jory
 66141 | Depths:4 | Killed Jory
 66159 | Depths:4 | Noticed Boris
 66165 | Depths:4 | Killed Boris
 66261 | Depths:4 | Noticed Frederick
 66269 | Depths:4 | Killed Frederick
 66517 | Depths:4 | Reached skill level 13 in Spellcasting
 66729 | Depths:4 | Found a one-way gate to the infinite horrors of the Abyss.
 66845 | Depths:4 | Noticed an iron giant
 66850 | Depths:4 | Killed an iron giant
 67159 | Depths:4 | Reached skill level 14 in Spellcasting
 67357 | Depths:5 | Entered Level 5 of the Depths
 67358 | Depths:5 | Upgraded the game from 0.18-a0-1215-gc4e1e30 to 0.18-a0-1229-ge9a1a01
 67904 | Shoals:1 | Entered Level 1 of the Shoals
 68063 | Shoals:1 | Reached skill level 1 in Evocations
 68108 | Shoals:1 | Reached skill level 2 in Evocations
 68384 | Shoals:1 | Reached skill level 3 in Evocations
 68770 | Shoals:2 | Found Vanletoepp's Gadget Shop.
 68810 | Shoals:2 | Reached skill level 4 in Evocations
 69136 | Shoals:3 | Noticed Ilsuiw
 69169 | Shoals:3 | Reached skill level 5 in Evocations
 69199 | Shoals:3 | Reached XP level 26. HP: 229/229 MP: 38/41
 69304 | Shoals:3 | Reached skill level 6 in Evocations
 69472 | Shoals:3 | Killed Ilsuiw
 69472 | Shoals:3 | Reached skill level 7 in Evocations
 69563 | Shoals:3 | Got a pair of ancient gloves
 69564 | Shoals:3 | Identified the +1 pair of gloves of Xom's Displeasure {+Inv rC+ Regen+ Int+3} (You acquired it on level 3 of the Shoals)
 69577 | Shoals:3 | Got a pitted leather armour
 69578 | Shoals:3 | Identified the +2 leather armour "Vory" {rElec rF+++ MR- Dex-2} (You found it on level 3 of the Shoals)
 69835 | Shoals:4 | Entered Level 4 of the Shoals
 69888 | Shoals:4 | Reached skill level 8 in Evocations
 70032 | Shoals:4 | Found Xato Leka's Assorted Antiques.
 70060 | Shoals:4 | Bought a scroll of blinking for 300 gold pieces
 70065 | Shoals:4 | Found Vaifaosm's Food Boutique.
 70133 | Shoals:4 | Found Ingyr's Book Boutique.
 70151 | Shoals:4 | Reached skill level 9 in Evocations
 70155 | Shoals:4 | Cast into level 3 of the Abyss (merfolk impaler)
 70220 | Abyss:3  | Found a corrupted altar of Lugonu.
 70293 | Abyss:3  | Paralysed by accursed screaming for 2 turns
 70306 | Abyss:3  | Reached skill level 10 in Evocations
 70469 | Abyss:3  | HP: 62/297 [fire dragon simulacrum (16)]
 70469 | Abyss:3  | HP: 18/297 [fire dragon simulacrum (35)]
 70471 | Abyss:3  | Slain by a fire dragon simulacrum

Vault maps used:
D:1:      dpeg_arrival_chambers_temple_mockup
D:2:      lemuel_coloured_pillars_altar, kiku_gazebo_pond_becter,
          cheibriados_altar_1, uniq_jessica
D:3:      gammafunk_temple_overflow_elements, grunt_decor_clamped,
          grunt_pakellas_sulfur
D:4:      first_bread
D:5:      old_standard_altar, serial_shops, shop, grunt_ministairs_6,
          kennysheep_decorative_pillar, corexii_leaking_fountain,
          eino_tiny_chamber, nicolae_gozag_cash_rules_everything_around_me
D:6:      kennysheep_mini, uniq_pikel
D:7:      nicolae_ru_awakened_eye, lemuel_crystal_altar,
          minmay_temple_entry_junction, grunt_ogre_cave, kennysheep_dice,
          uniq_prince_ribbit1
D:8:      okawaru_metal_pillars_1_2, overflow_temple_1_default,
          nicolae_qazlal_general_emergency
D:9:      david_lair_shrubbed, serial_bayou_pond_c, uniq_erica
D:10:     kennysheep_diamond, uniq_nergalle
D:11:     basic_altar, roderic_roman_lattice, evilmike_minifort
D:12:     orc_0_dummy, uniq_frances
D:13:     minmay_quarter_circles, serial_shops, shop
D:14:     david_vaults_2, elyvilon_altar_1
D:15:     gammafunk_enter_depths_forms, serial_park_avenue1,
          minmay_curled_crystal
Temple:   minmay_temple_bridge_d_8
Lair:1:   special_room, ldierk_geyser
Lair:2:   beast_lair_carwin_6
Lair:3:   dummy_snake_entry, serial_bayou_shore_a, grunt_megastairs_2,
          infiniplex_staircase_pool, lemuel_fruit_tree
Lair:4:   portal_ice_cave_entry_imps, minmay_lair_drake_nest, grunt_megastairs_1
Lair:5:   minmay_shoals_entry_centaurs, bh_autumn_forest_stairs
Lair:6:   guppyfry_lair_drakes, uniq_snorg, uniq_rupert
Lair:7:   wad_woods_02
Lair:8:   wormcave, slime_altar_1, lab_entry_generic, zaba_anthole,
          hangedman_lair_generics_rect
Shoals:2: serial_shops, shop, nicolae_shoals_square_sea_wall
Shoals:3: yaktaur_hedge, uniq_ilsuiw
Shoals:4: shoals_end_simple, shoals_ilsuiw_ice, serial_shops, shop,
          nicolae_shop_waterfront, shop, shop_statue
Snake:1:  minmay_snake_pond
Snake:3:  nicolae_snake_hallway, grunt_megastairs_3
Snake:4:  grunt_snake_rune_pools
Slime:5:  nicolae_slime_phagocytosis
Slime:6:  uniq_donald
Orc:1:    hangedman_feature_mirror
Orc:2:    grunt_orc_cross, serial_shops, shop, nicolae_volcano_entry_lava_flow,
          mumra_transporter_accident, uniq_josephine
Vaults:1: nicolae_vaults_windows_and_doors_thing,
          ontoclasm_vaults_claustrophobia, vaults_dpeg_diagonal, v_pattern_5,
          vaults_room_boxed, vaults_room_hangedman_quadrants,
          vaults_mumra_hexcomb, nicolae_vaults_little_ls,
          nicolae_vaults_three_branches, serial_shops, shop, uniq_norris
Vaults:2: nicolae_vaults_asterisk, v_misc_5, ontoclasm_vaults_gateway,
          nicolae_vaults_sealed_display, nicolae_vaults_big_ls,
          vaults_mumra_lcd, nicolae_vaults_circle_grid_a, v_alt_pattern_6,
          hangedman_vaults_capsules, nicolae_vaults_gold_heap, serial_ice_h,
          grunt_vaults_bifocal, v_misc_26, uniq_jorgrun, uniq_margery
Vaults:3: v_misc_10, v_alt_pattern_4, st_octagons_1,
          minmay_crypt_entry_necro_gods, v_misc_11, v_misc_1,
          ontoclasm_vaults_decontamination, nicolae_vaults_ninety_degrees,
          vaults_dpeg_ring, hangedman_vaults_snaps, v_misc_17, serial_shops,
          shop_fountains, nicolae_shop_competitors_out_of_business, shop,
          nicolae_shop_stone
Vaults:4: vaults_mumra_minichess_inversion, dpeg_vaults_monster_box,
          hangedman_vaults_nails, v_misc_12, v_pattern_1,
          ontoclasm_vaults_twist, hangedman_vaults_stagger,
          ontoclasm_vaults_pinch, vaults_room_fancy_cross,
          vaults_room_mumra_shop_pool
Crypt:1:  minivault_5, grunt_crypt_arrival_webbed
Crypt:2:  hex_large
Crypt:3:  due_elkab
Depths:1: hangedman_decor_peaks_small, hangedman_geh_valley, special_room,
          minmay_misc_feat_x, tso_metal_star
Depths:2: lemuel_river_lethe, hell_entry, uniq_nikola
Depths:3: hangedman_cross_cluster, enter_ziggurat_e, rand_demon_pan_entry_4,
          hangedman_coc_ice_floe, minmay_misc_feat_roman
Depths:4: kennysheep_windowed_halls, grunt_mini_vestibule, serial_bayou_ford_a,
          marbit_kobold_abyss_entry, minmay_staircase_windowed_small,
          uniq_frederick, uniq_jory, uniq_boris
Depths:5: evilmike_zot_entry_castle, abyss_entry, grunt_hell_entry_dis_old,
          spider_trap, uniq_mennas, uniq_xtahua
Abyss:3:  nicolae_abyss_rune_containment_breach
Lab:      labyrinth_hidden_loot, nicolae_lab_starburst, nicolae_lab_grate,
          lab_fountain, labyrinth_fake_exit, nicolae_lab_quarters,
          nicolae_lab_statue, nicolae_lab_blocks, labyrinth_skeletal_remains,
          nicolae_lab_x, nicolae_lab_flowing_pool
IceCv:    ice_cave_statue_garden_02
Volcano:  volcano_tomb

Action                   |  1- 3 |  4- 6 |  7- 9 | 10-12 | 13-15 | 16-18 | 19-21 | 22-24 | 25-27 || total
-------------------------+-------+-------+-------+-------+-------+-------+-------+-------+-------++-------
Melee: Unarmed           |    73 |   207 |   296 |   363 |  1631 |  1169 |  1404 |  1579 |   732 ||  7454
 Fire: Hunting sling     |       |       |       |     3 |       |       |       |       |       ||     3
Throw: Stone             |     1 |    17 |    10 |     6 |    14 |     1 |    11 |     2 |       ||    62
 Cast: Beastly Appendage |    13 |    12 |     9 |    10 |     4 |       |       |       |       ||    48
       Sticks to Snakes  |     4 |     3 |       |       |     7 |       |       |       |       ||    14
       Spider Form       |       |     3 |    17 |     1 |       |       |       |       |       ||    21
       Blade Hands       |       |       |       |    35 |    23 |    68 |    29 |    22 |       ||   177
       Ice Form          |       |       |       |    13 |    23 |     3 |       |     3 |       ||    42
       Repel Missiles    |       |       |       |       |     1 |     6 |       |       |       ||     7
       Stoneskin         |       |       |       |       |       |    51 |     1 |    74 |    30 ||   156
       Blink             |       |       |       |       |       |     1 |       |       |       ||     1
       Statue Form       |       |       |       |       |       |    19 |    51 |    47 |    35 ||   152
       Hydra Form        |       |       |       |       |       |     1 |     3 |       |    29 ||    33
Invok: Slouch            |       |       |       |     9 |     6 |     7 |     2 |       |       ||    24
       Bend Time         |       |       |       |     1 |       |       |     2 |       |       ||     3
       Step From Time    |       |       |       |     1 |       |       |     3 |       |       ||     4
       Temporal Distorti |       |       |       |       |       |    12 |     1 |     2 |       ||    15
 Abil: End Transformatio |       |     1 |     1 |       |       |    13 |    34 |     4 |     5 ||    58
       Evoke Flight      |       |       |       |       |       |       |     1 |       |     4 ||     5
       Evoke Fog         |       |       |       |       |       |       |     1 |       |       ||     1
Evoke: Wand              |       |       |     4 |       |     3 |    13 |     1 |       |     2 ||    23
       Rod               |       |       |       |       |       |     1 |       |       |       ||     1
  Use: Scroll            |     3 |     3 |     1 |    16 |    18 |    11 |     5 |     7 |     9 ||    73
       Potion            |     2 |     2 |     2 |     1 |     1 |     7 |     4 |     1 |       ||    20
 Stab: Invisible         |       |       |     6 |     4 |       |       |       |       |       ||    10
       Sleeping          |       |       |     2 |     5 |    14 |       |       |       |     1 ||    22
       Distracted        |       |       |       |       |     6 |       |       |       |       ||     6
  Eat: Chunk             |     5 |     6 |     8 |    20 |    42 |    12 |    10 |    13 |     6 ||   122
       Royal jelly       |       |       |       |     1 |       |     1 |       |     1 |     1 ||     4
       Pizza             |       |       |       |     3 |       |       |       |     2 |     2 ||     7
       Meat ration       |       |       |       |     1 |     1 |     6 |     5 |     4 |       ||    17
       Fruit             |       |       |       |       |       |       |     1 |       |       ||     1

Vault maps used:
D:1:      dpeg_arrival_chambers_temple_mockup
D:2:      lemuel_coloured_pillars_altar, kiku_gazebo_pond_becter,
          cheibriados_altar_1, uniq_jessica
D:3:      gammafunk_temple_overflow_elements, grunt_decor_clamped,
          grunt_pakellas_sulfur
D:4:      first_bread
D:5:      old_standard_altar, serial_shops, shop, grunt_ministairs_6,
          kennysheep_decorative_pillar, corexii_leaking_fountain,
          eino_tiny_chamber, nicolae_gozag_cash_rules_everything_around_me
D:6:      kennysheep_mini, uniq_pikel
D:7:      nicolae_ru_awakened_eye, lemuel_crystal_altar,
          minmay_temple_entry_junction, grunt_ogre_cave, kennysheep_dice,
          uniq_prince_ribbit1
D:8:      okawaru_metal_pillars_1_2, overflow_temple_1_default,
          nicolae_qazlal_general_emergency
D:9:      david_lair_shrubbed, serial_bayou_pond_c, uniq_erica
D:10:     kennysheep_diamond, uniq_nergalle
D:11:     basic_altar, roderic_roman_lattice, evilmike_minifort
D:12:     orc_0_dummy, uniq_frances
D:13:     minmay_quarter_circles, serial_shops, shop
D:14:     david_vaults_2, elyvilon_altar_1
D:15:     gammafunk_enter_depths_forms, serial_park_avenue1,
          minmay_curled_crystal
Temple:   minmay_temple_bridge_d_8
Lair:1:   special_room, ldierk_geyser
Lair:2:   beast_lair_carwin_6
Lair:3:   dummy_snake_entry, serial_bayou_shore_a, grunt_megastairs_2,
          infiniplex_staircase_pool, lemuel_fruit_tree
Lair:4:   portal_ice_cave_entry_imps, minmay_lair_drake_nest, grunt_megastairs_1
Lair:5:   minmay_shoals_entry_centaurs, bh_autumn_forest_stairs
Lair:6:   guppyfry_lair_drakes, uniq_snorg, uniq_rupert
Lair:7:   wad_woods_02
Lair:8:   wormcave, slime_altar_1, lab_entry_generic, zaba_anthole,
          hangedman_lair_generics_rect
Shoals:2: serial_shops, shop, nicolae_shoals_square_sea_wall
Shoals:3: yaktaur_hedge, uniq_ilsuiw
Shoals:4: shoals_end_simple, shoals_ilsuiw_ice, serial_shops, shop,
          nicolae_shop_waterfront, shop, shop_statue
Snake:1:  minmay_snake_pond
Snake:3:  nicolae_snake_hallway, grunt_megastairs_3
Snake:4:  grunt_snake_rune_pools
Slime:5:  nicolae_slime_phagocytosis
Slime:6:  uniq_donald
Orc:1:    hangedman_feature_mirror
Orc:2:    grunt_orc_cross, serial_shops, shop, nicolae_volcano_entry_lava_flow,
          mumra_transporter_accident, uniq_josephine
Vaults:1: nicolae_vaults_windows_and_doors_thing,
          ontoclasm_vaults_claustrophobia, vaults_dpeg_diagonal, v_pattern_5,
          vaults_room_boxed, vaults_room_hangedman_quadrants,
          vaults_mumra_hexcomb, nicolae_vaults_little_ls,
          nicolae_vaults_three_branches, serial_shops, shop, uniq_norris
Vaults:2: nicolae_vaults_asterisk, v_misc_5, ontoclasm_vaults_gateway,
          nicolae_vaults_sealed_display, nicolae_vaults_big_ls,
          vaults_mumra_lcd, nicolae_vaults_circle_grid_a, v_alt_pattern_6,
          hangedman_vaults_capsules, nicolae_vaults_gold_heap, serial_ice_h,
          grunt_vaults_bifocal, v_misc_26, uniq_jorgrun, uniq_margery
Vaults:3: v_misc_10, v_alt_pattern_4, st_octagons_1,
          minmay_crypt_entry_necro_gods, v_misc_11, v_misc_1,
          ontoclasm_vaults_decontamination, nicolae_vaults_ninety_degrees,
          vaults_dpeg_ring, hangedman_vaults_snaps, v_misc_17, serial_shops,
          shop_fountains, nicolae_shop_competitors_out_of_business, shop,
          nicolae_shop_stone
Vaults:4: vaults_mumra_minichess_inversion, dpeg_vaults_monster_box,
          hangedman_vaults_nails, v_misc_12, v_pattern_1,
          ontoclasm_vaults_twist, hangedman_vaults_stagger,
          ontoclasm_vaults_pinch, vaults_room_fancy_cross,
          vaults_room_mumra_shop_pool
Crypt:1:  minivault_5, grunt_crypt_arrival_webbed
Crypt:2:  hex_large
Crypt:3:  due_elkab
Depths:1: hangedman_decor_peaks_small, hangedman_geh_valley, special_room,
          minmay_misc_feat_x, tso_metal_star
Depths:2: lemuel_river_lethe, hell_entry, uniq_nikola
Depths:3: hangedman_cross_cluster, enter_ziggurat_e, rand_demon_pan_entry_4,
          hangedman_coc_ice_floe, minmay_misc_feat_roman
Depths:4: kennysheep_windowed_halls, grunt_mini_vestibule, serial_bayou_ford_a,
          marbit_kobold_abyss_entry, minmay_staircase_windowed_small,
          uniq_frederick, uniq_jory, uniq_boris
Depths:5: evilmike_zot_entry_castle, abyss_entry, grunt_hell_entry_dis_old,
          spider_trap, uniq_mennas, uniq_xtahua
Abyss:3:  nicolae_abyss_rune_containment_breach
Lab:      labyrinth_hidden_loot, nicolae_lab_starburst, nicolae_lab_grate,
          lab_fountain, labyrinth_fake_exit, nicolae_lab_quarters,
          nicolae_lab_statue, nicolae_lab_blocks, labyrinth_skeletal_remains,
          nicolae_lab_x, nicolae_lab_flowing_pool
IceCv:    ice_cave_statue_garden_02
Volcano:  volcano_tomb

Table legend:
 A = Turns spent in this place as a percentage of turns spent in the entire game.
 B = Non-inter-level travel turns spent in this place as a percentage of non-inter-level travel turns spent in the entire game.
 C = Inter-level travel turns spent in this place as a percentage of turns spent in this place.
 D = Turns resting spent in this place as a percentage of non-inter-level travel turns spent in this place.
 E = Turns spent auto-exploring this place as a percentage of non-inter-level travel turns spent in this place.
 F = Non-inter-level travel turns spent in this place divided by the number of levels of this place that you've seen.
                   A       B       C       D       E      F
               +-------+-------+-------+-------+-------+----------------------
         Total | 100.0 | 100.0 |   0.7 |   3.0 |   5.1 | 459.6
       Dungeon |  28.7 |  28.7 |   0.8 |   2.9 |   5.1 | 491.9
        Temple |   0.0 |   0.0 |  20.0 |   0.0 | 100.0 |   4.0
          Lair |  17.8 |  17.8 |   1.1 |   4.2 |   4.3 | 571.0
        Shoals |   4.2 |   4.2 |   0.3 |   0.2 |   7.4 | 271.5
     Snake Pit |   7.7 |   7.8 |   0.2 |   4.9 |   6.5 | 500.2
    Slime Pits |   7.9 |   7.9 |   0.8 |   4.9 |   3.0 | 337.5
  Orcish Mines |   2.8 |   2.7 |   1.7 |   2.0 |   6.3 | 351.0
        Vaults |   9.9 |   9.9 |   0.5 |   2.9 |   7.9 | 636.8
         Crypt |   6.0 |   6.1 |   0.4 |   1.4 |   7.2 | 520.0
        Depths |  12.5 |  12.5 |   0.4 |   1.1 |   3.2 | 644.2
         Abyss |   1.0 |   1.0 |   0.0 |   2.4 |   2.0 | 251.0
     Labyrinth |   0.5 |   0.5 |   0.0 |   2.2 |   0.0 | 138.0
      Ice Cave |   0.5 |   0.5 |   0.0 |   0.0 |   0.0 | 125.0
       Volcano |   0.5 |   0.5 |   0.0 |   6.2 |   6.2 | 128.0
               +-------+-------+-------+-------+-------+----------------------

Table legend:
 A = Kills in this place as a percentage of kills in entire the game.
 B = Kills by you in this place as a percentage of kills by you in the entire game.
 C = Kills by friends in this place as a percentage of kills by friends in the entire game.
 D = Other kills in this place as a percentage of other kills in the entire game.
 E = Experience gained in this place as a percentage of experience gained in the entire game.
 F = Experience gained in this place divided by the number of levels of this place that you have seen.
                   A       B       C       D       E      F
               +-------+-------+-------+-------+-------+----------------------
         Total | 100.0 | 100.0 | 100.0 | 100.0 | 100.0 | 20888.9
       Dungeon |  21.9 |  21.8 | 100.0 |   0.0 |   7.6 | 5931.1
          Lair |  15.9 |  15.9 |   0.0 |  50.0 |   6.5 | 9539.5
        Shoals |   4.7 |   4.7 |   0.0 |   0.0 |   5.2 | 15184.5
     Snake Pit |   9.9 |   9.9 |   0.0 |   0.0 |  12.0 | 35084.0
    Slime Pits |   7.4 |   7.4 |   0.0 |   0.0 |  10.1 | 19781.7
  Orcish Mines |   3.4 |   3.4 |   0.0 |   0.0 |   1.4 | 7901.0
        Vaults |  15.4 |  15.4 |   0.0 |   0.0 |  21.0 | 61373.0
         Crypt |   6.7 |   6.7 |   0.0 |   0.0 |  11.0 | 42699.3
        Depths |  11.4 |  11.4 |   0.0 |  50.0 |  22.6 | 52856.6
         Abyss |   2.2 |   2.2 |   0.0 |   0.0 |   2.3 | 27120.0
     Labyrinth |   0.1 |   0.1 |   0.0 |   0.0 |   0.1 | 1683.0
      Ice Cave |   0.2 |   0.2 |   0.0 |   0.0 |   0.1 | 790.0
       Volcano |   0.7 |   0.7 |   0.0 |   0.0 |   0.1 | 1465.0
               +-------+-------+-------+-------+-------+----------------------
